 Dungeon Crawl Stone Soup version 0.29-a0-231-g945431f764 (webtiles) character file.

Game seed: 3294323451408478931

10975 dolemite99 the Severer (level 11, -3/97 HPs)
             Began as a Hill Orc Gladiator on Mar 1, 2022.
             Was an Elder of Wu Jian.
             Slain by a blink frog (12 damage)
             ... on level 3 of the Lair of Beasts.
             The game lasted 00:14:26 (16934 turns).

dolemite99 the Severer (Hill Orc Gladiator)        Turns: 16934, Time: 00:14:27

Health: -3/97      AC: 20    Str: 22    XL:     11   Next: 70%
Magic:  11/11      EV:  7    Int:  8    God:    Wu Jian [****..]
Gold:   377        SH:  5    Dex: 12    Spells: 10/10 levels left

rFire   + . .      SeeInvis .   a - +1 war axe (flame)
rCold   . . .      Faith    +   C - +0 buckler
rNeg    . . .      Spirit   .   M - +0 plate armour
rPois   .          Reflect  .   c - +1 helmet
rElec   .          Harm     .   B - +0 cloak
rCorr   +          Rampage  .   F - +1 pair of gloves
Will    .....                   (no boots)
Stlth   ..........              x - amulet of faith
HPRegen 0.26/turn               i - ring of resist corrosion
MPRegen 0.12/turn               y - ring of protection from fire

@: studying Dodging
A: no striking features
a: Renounce Religion, Wall Jump, Serpent's Lash


You were on level 3 of the Lair of Beasts.
You worshipped Wu Jian.
Wu Jian was greatly pleased with you.
You visited 2 branches of the dungeon, and saw 12 of its levels.

You collected 589 gold pieces.
You spent 212 gold pieces at shops.

Inventory:

Hand Weapons
 a - a +1 war axe of flaming (weapon)
 b - the +9 hand crossbow of Cuzucuxe {elec, rN+}
   (You bought it in a shop on level 5 of the Dungeon)

   Any ammunition fired from it occasionally discharges a powerful burst of
   electricity upon striking a foe.
   rN:        It protects you from negative energy.
 G - a +0 flail of holy wrath
Missiles
 d - 2 throwing nets
 q - 3 javelins
 s - 2 silver javelins
 t - 249 stones
 u - 16 poisoned darts (quivered)
 z - 2 datura-tipped darts
Armour
 c - a +1 helmet (worn)
 B - a +0 cloak (worn)
 C - a +0 buckler (worn)
 F - a +1 pair of gloves (worn)
 H - a +1 chain mail of cold resistance
 M - a +0 plate armour (worn)
Jewellery
 g - a ring of wizardry
 i - a ring of resist corrosion (left hand)
 k - a ring of poison resistance
 p - a ring of willpower
 x - an amulet of faith (around neck)
 y - a ring of protection from fire (right hand)
 A - a +6 ring of strength
 N - an amulet of reflection
Wands
 m - a wand of polymorph (12)
 E - a wand of iceblast (8)
Scrolls
 e - 6 scrolls of blinking
 n - 2 scrolls of noise
 r - 4 scrolls of magic mapping
 D - 3 scrolls of amnesia
 O - a scroll of fog
Potions
 f - 2 potions of lignification
 h - a potion of magic {unknown}
 j - 3 potions of curing
 l - 2 potions of flight
 o - 2 potions of brilliance
 v - a potion of degeneration {unknown}
 w - a potion of attraction {unknown}
 I - a potion of heal wounds
 J - a potion of might
 K - a potion of ambrosia {unknown}
 L - a potion of haste


   Skills:
 + Level 9.5 Fighting
 - Level 16.0 Axes
 - Level 5.9 Crossbows
 - Level 1.7 Throwing
 + Level 9.0 Armour
 - Level 2.4 Dodging
 - Level 4.0 Shields


You had 10 spell levels left.
You didn't know any spells.
Your spell library contained the following spells:

 Spells                   Type           Power      Damage    Failure   Level
 Animate Skeleton         Necr           0%         N/A       100%        1
 Magic Dart               Conj           0%         1d3       100%        1
 Pain                     Necr           0%         1d4       100%        1
 Call Imp                 Summ           0%         N/A       100%        2
 Mephitic Cloud           Conj/Pois/Air  0%         N/A       100%        3
 Tukima's Dance           Hex            0%         N/A       100%        3
 Vampiric Draining        Necr           0%         2d6       100%        3
 Anguish                  Hex/Necr       0%         N/A       100%        4
 Enfeeble                 Hex            0%         N/A       100%        7


Dungeon Overview and Level Annotations

Branches:
Dungeon (9/15)             Temple (0/1) D:6            Lair (3/6) D:8
  Swamp: Lair:2-4    Shoals: Lair:2-4     Snake: Lair:2-4    Spider: Lair:2-4
    Orc: D:9-12

Altars:
Fedhas
Wu Jian

Shops:
D:5 (   D:6 *

Annotations:
D:2 Sigmund
D:7 3 runed translucent doors, axecop's ghost, novice HODe
Lair:2 3 runed translucent doors, HuGe's ghost, journeyman MiBe; Rassilon's ghost, journeyman MfSu; drugrobin's ghost, journeyman DgHu; n8rtot's ghost, journeyman TrFi; sirJeffrey23's ghost, journeyman DsMo


Message History

You see here a poisoned dart.
You spin and attack the blink frog.
You closely miss the blink frog.
You spin and attack the cane toad.
You slash the cane toad! You burn the cane toad.
The cane toad is moderately wounded.
You feel very sick. The cane toad closely misses you.
The blink frog blinks!
You block the blink frog's attack.
You spin and attack the blink frog.
You miss the blink frog.
You feel very sick.
You spin and attack the cane toad repeatedly.
You barely miss the cane toad.
The cane toad is moderately wounded.
You hit the cane toad. You burn the cane toad.
The cane toad is moderately wounded.
You feel very sick. The blink frog closely misses you.
The cane toad stings you but does no damage.
You block the blink frog's attack.
You closely miss the blink frog.
The blink frog is heavily wounded.
You closely miss the blink frog. You hit the cane toad but do no damage.
You feel sick. The cane toad stings you!
* * * LOW HITPOINT WARNING * * *
You are lethally poisoned!
The cane toad poisons you! The blink frog barely misses you. x2
You slash the blink frog! You burn the blink frog.
The blink frog is almost dead.
You slash the blink frog! You burn the blink frog!
You kill the blink frog!
The Council accepts your kill.
You hit the cane toad. You burn the cane toad. You barely miss the blink frog.
* * * LOW HITPOINT WARNING * * *
You feel very sick. The blink frog hits you!
* * * LOW HITPOINT WARNING * * *
You block the cane toad's attack.
The blink frog blinks!
Your Armour skill increases to level 9!
You feel better. The blink frog hits you!
You die...

## #.#### .
#....#. #.
#..... #. #...#
#.. .^..# .
##..###.P.# #..
#...#..†..#.P..
#....F@.......
#...(§F.......
#....†.F......
#.............
#.####.##.#...
#. ##..## .. #
... . ....(
.....


You could see a cane toad and 2 blink frogs.

Vanquished Creatures
  Erolcha (D:9)
  A black mamba (Lair:1)
  3 elephants (Lair:2)
  Maurice (D:9)
  2 cane toads
  Psyche (D:9)
  3 blink frogs (Lair:3)
  A hornet (D:9)
  2 wyverns (D:9)
  12 yaks (Lair:1)
  A basilisk (Lair:1)
  Menkaure (D:4)
  An acid dragon (D:9)
  7 water moccasins
  4 ice beasts
  2 sky beasts
  A black bear (D:6)
  6 ogres
  7 centaurs
  2 phantoms (D:6)
  A kobold brigand (D:6)
  5 bullfrogs
  2 necrophages (D:4)
  A gnoll sergeant (D:5)
  4 scorpions
  3 wights (D:8)
  5 killer bees (D:6)
  An electric eel (D:6)
  8 orc priests
  5 hounds
  A gnoll shaman (D:5)
  3 jellies
  Jessica (D:2)
  3 orc wizards
  4 adders
  11 gnolls
  2 white imps
  An ufetubus (D:6)
  2 worms
  A dart slug (D:1)
  14 orcs
  7 ball pythons
  5 bats
  6 endoplasms
  A giant cockroach (D:1)
  4 goblins
  5 hobgoblins
  2 jackals (D:1)
  6 kobolds
  4 quokkas
  4 frilled lizards
  6 rats
187 creatures vanquished.

Vanquished Creatures (collateral kills)
  A gnoll sergeant (D:7)
  2 gnolls (D:7)
3 creatures vanquished.

Vanquished Creatures (others)
  An orc (D:6)
  A fungus (D:1)
  11 plants
13 creatures vanquished.

Grand Total: 203 creatures vanquished

Notes
Turn   | Place    | Note
-------+----------+-------------------------------------------
     0 | D:1      | dolemite99 the Hill Orc Gladiator began the quest for the
                  | Orb.
     0 | D:1      | Reached XP level 1. HP: 18/18 MP: 1/1
   222 | D:1      | Reached XP level 2. HP: 25/25 MP: 2/2
   248 | D:1      | Reached skill level 5 in Axes
   700 | D:1      | Found a faded altar of an unknown god.
   749 | D:1      | Prayed at the altar of an unknown god.
   749 | D:1      | Became a worshipper of the Wu Jian Council
   749 | D:1      | Reached * piety under Wu Jian
   784 | D:1      | Reached XP level 3. HP: 30/30 MP: 3/3
  1239 | D:2      | Reached skill level 6 in Axes
  1494 | D:2      | Noticed Sigmund
  1671 | D:2      | Noticed Jessica
  1700 | D:2      | Killed Jessica
  1701 | D:2      | Reached XP level 4. HP: 30/37 MP: 4/4
  2418 | D:3      | Reached ** piety under Wu Jian
  2419 | D:3      | Reached skill level 7 in Axes
  2766 | D:3      | Reached XP level 5. HP: 39/42 MP: 5/5
  2893 | D:4      | Noticed Menkaure
  2903 | D:4      | HP: 1/42 [Menkaure/nerve-wracking pain (7)]
  2906 | D:4      | Killed Menkaure
  2907 | D:4      | Reached skill level 8 in Axes
  2907 | D:4      | Reached XP level 6. HP: 9/50 MP: 6/6
  3306 | D:4      | Reached skill level 9 in Axes
  3823 | D:5      | Entered Level 5 of the Dungeon
  3839 | D:4      | Reached skill level 10 in Axes
  3839 | D:4      | Reached XP level 7. HP: 41/56 MP: 7/7
  4062 | D:5      | Reached skill level 11 in Axes
  4391 | D:5      | You fall into a shaft and drop 1 floor!
  4734 | D:6      | Reached skill level 12 in Axes
  4734 | D:6      | Reached XP level 8. HP: 21/62 MP: 8/8
  5314 | D:5      | Reached skill level 13 in Axes
  5755 | D:5      | Reached skill level 14 in Axes
  5841 | D:5      | Reached skill level 1 in Armour
  5841 | D:5      | Reached XP level 9. HP: 68/68 MP: 9/9
  5857 | D:5      | Reached *** piety under Wu Jian
  6168 | D:5      | Found Edobuen's Antique Weapon Boutique.
  6187 | D:5      | Bought an ancient hand crossbow for 212 gold pieces
  6187 | D:5      | Identified the +9 hand crossbow of Cuzucuxe {elec, rN+}
                  | (You bought it in a shop on level 5 of the Dungeon)
  6599 | D:6      | Reached skill level 1 in Crossbows
  6775 | D:6      | HP: 3/68 [orc priest/+0 club (1)]
  7180 | D:6      | Reached skill level 5 in Crossbows
  7314 | D:6      | Found a staircase to the Ecumenical Temple.
  7820 | D:6      | Reached **** piety under Wu Jian
  8021 | D:6      | Found Puasius's Lightly-Used Armoury.
  8885 | D:7      | Reached XP level 10. HP: 78/78 MP: 10/10
 10105 | D:7      | Reached skill level 5 in Armour
 10504 | D:7      | Noticed axecop's ghost (novice HODe)
 10504 | D:7      | Noticed a cyclops
 10505 | D:7      | Found a runed translucent gate.
 10505 | D:7      | Found a runed translucent gate.
 10505 | D:7      | Found a runed translucent gate.
 10721 | D:7      | Reached skill level 5 in Fighting
 11160 | D:8      | Found a blossoming altar of Fedhas.
 11250 | D:8      | Found a staircase to the Lair.
 12980 | D:9      | Noticed Psyche
 12990 | D:9      | Noticed Maurice
 13055 | D:9      | Killed Psyche
 13313 | D:9      | Noticed Erolcha
 13801 | D:9      | Killed Maurice
 13806 | D:9      | Killed Erolcha
 14589 | Lair:1   | Entered Level 1 of the Lair of Beasts
 14659 | Lair:1   | Noticed a black mamba
 14667 | Lair:1   | Killed a black mamba
 14668 | Lair:1   | Reached XP level 11. HP: 53/95 MP: 11/11
 14953 | Lair:1   | Reached skill level 15 in Axes
 15114 | Lair:1   | You fall into a shaft and drop 1 floor!
 15670 | Lair:1   | Reached skill level 16 in Axes
 16500 | Lair:2   | Found a runed translucent gate.
 16501 | Lair:2   | Found a runed translucent gate.
 16502 | Lair:2   | Found a runed translucent gate.
 16903 | Lair:2   | Noticed HuGe's ghost (journeyman MiBe)
 16903 | Lair:2   | Noticed Rassilon's ghost (journeyman MfSu)
 16904 | Lair:2   | Noticed n8rtot's ghost (journeyman TrFi)
 16904 | Lair:2   | Noticed sirJeffrey23's ghost (journeyman DsMo)
 16904 | Lair:2   | Noticed drugrobin's ghost (journeyman DgHu)
 16933 | Lair:3   | HP: 1/97 [blink frog (12)]
 16934 | Lair:3   | Slain by a blink frog

Illustrated notes

Levels and vault maps discovered:
D:1:      wander_arrival_fairy_ring, layout_basic,
          shapermc_ecumenical_altar_ellora
D:2:      layout_rooms, uniq_sigmund, uniq_jessica
D:3:      layout_loops_cross, grunt_decor_clamped
D:4:      layout_cave_pools, chequers_arboretum, uniq_menkaure
D:5:      layout_rooms, serial_shops, shop, nrook_mini_backslash,
          minmay_manual_mares
D:6:      layout_basic, minmay_temple_entry_mist, minmay_shop_damaged,
          palyth_stone_intersect, serial_bayou_ford_a, minivault_26,
          minmay_misc_feat_more_columns, grunt_ministairs_6,
          minmay_fractal_squares_gapless_5
D:7:      layout_cave_pools, gammafunk_ghost_split
D:8:      layout_layer_cave, mainiacjoe_overflow_24_doors, dpeg_oklobed_lair
D:9:      layout_basic, hangedman_abyss_or_decor_clamps, uniq_psyche,
          uniq_maurice, uniq_erolcha
Lair:1:   layout_loops_ring
Lair:2:   layout_chaotic_city, gammafunk_ghost_cemetery, grunt_megastairs_1,
          infiniplex_staircase_pool
Lair:3:   layout_regular_city, uniq_nergalle

Skill      XL: |  1  2  3  4  5  6  7  8  9 10 11 |
---------------+----------------------------------+-----
Axes           | 5 6 7 8 10 12 14 16 | 16.0
Armour         | 1 4 8 9 |  9.0
Crossbows      | 5 |  5.9
Fighting       | 4 8 9 |  9.5
Shields        | 3 4 |  4.0
Throwing       | |  1.7
Dodging        | |  2.4

Action                   |  1- 3 |  4- 6 |  7- 9 | 10-12 || total
-------------------------+-------+-------+-------+-------++-------
Melee: War axe           |    75 |    79 |   212 |   156 ||   522
       Hand axe          |       |    24 |       |       ||    24
       Punch             |       |       |     4 |       ||     4
       Unarmed           |       |       |       |     9 ||     9
 Fire: Hand crossbow     |       |       |    46 |   113 ||   159
Throw: Throwing net      |       |     2 |       |       ||     2
       Dart              |       |       |     7 |     1 ||     8
Invok: Lunge             |     3 |     2 |     7 |       ||    12
       Whirlwind         |     1 |     1 |    11 |    13 ||    26
 Abil: Wall Jump         |       |       |     1 |       ||     1
Evoke: Wand              |       |       |       |     1 ||     1
  Use: Potion            |       |     1 |     5 |     1 ||     7
       Scroll            |       |     8 |     7 |     7 ||    22
 Stab: Held in net/web   |       |     2 |       |       ||     2
       Invisible         |       |       |     3 |       ||     3
Armor: Leather armour    |    27 |       |       |       ||    27
       Ring mail         |     6 |     9 |       |       ||    15
       Chain mail        |       |    28 |   109 |    75 ||   212
       Skin              |       |       |       |     9 ||     9
       Plate armour      |       |       |       |    23 ||    23
Dodge: Dodged            |    44 |    35 |    72 |    69 ||   220
Block: Buckler           |       |       |       |    23 ||    23

Table legend: (Time is in decaauts)
 A = Elapsed time spent in this place.
 B = Non-inter-level travel time spent in this place.
 C = Inter-level travel time spent in this place.
 D = Time resting spent in this place.
 E = Time spent auto-exploring this place.
 F = Levels seen in this place.
 G = Mean time per level.
                   A        B        C        D        E       F      G
               +--------+--------+--------+--------+--------+-----+--------+
         Total |  16995 |  16614 |    381 |   7737 |   6707 |  12 | 1416.2 |
       Dungeon |  14709 |  14350 |    359 |   7054 |   5441 |   9 | 1634.3 |
          Lair |   2285 |   2264 |     21 |    683 |   1266 |   3 |  761.7 |
               +--------+--------+--------+--------+--------+-----+--------+

Top non-repeatable levels by time:
     D:6: 3435 daAuts
     D:9: 2187 daAuts
     D:5: 2117 daAuts
     D:7: 1562 daAuts
     D:8: 1338 daAuts
  Lair:1: 1248 daAuts
     D:1: 1237 daAuts
     D:4: 1171 daAuts
     D:3: 1056 daAuts
  Lair:2: 1018 daAuts
     D:2: 601 daAuts
  Lair:3: 18 daAuts
